AoeStats
← luisangelesmor

Black Forest

505378944Analyzed
4v4 RM · 25d ago on Sep 9, 2026· 65m 26s· 8 players
Game mode
Random Map
Map size
Large (8 player)
Population
200
Speed
Normal
Resources
Standard
Victory
Conquest
Starting age
Dark Age
Ending age
Imperial Age
RankedLock teamsTeams togetherTeam positionsShared explorationLock speedFull tech treeHidden civsTurbo modeCheats
Victory
Defeat
🇲🇽 Saracens · Mexico
833
+13
🇲🇽 Berbers · Mexico
827
+13
🇨🇴 Persians · Colombia
781
+15
🇺🇸 Celts · United States
759
+16
🇲🇽 Bohemians · Mexico
794
-16
🇲🇽 Khmer · Mexico
787
-15
🇲🇽 Armenians · Mexico
746
-14
🇲🇽 Persians · Mexico
712
-12
mosesdretg
5:28 Loom
14:01 Feudal Age
14:48 Double-Bit Axe
18:30 Castle Age
16:47 Horse Collar
19:28 Bow Saw
20:25 Heavy Plow
26:35 Wheelbarrow
27:36 Hand Cart
32:33 Imperial Age
32:34 Fortified Wall
32:40 Onager
35:52 Furor Celtica
36:31 Siege Onager
38:03 Ballistics
40:56 Scale Mail Armor
40:53 Sappers
41:15 Stronghold
43:20 Pikeman
45:16 Chain Mail Armor
45:37 Coinage
45:08 Caravan
45:56 Halberdier
48:11 Plate Mail Armor
49:37 Heavy Scorpion
50:49 Gold Mining
Ing. Felipe Peralta
0:40 Loom
10:10 Feudal Age
10:41 Double-Bit Axe
11:58 Wheelbarrow
11:19 Gold Mining
22:08 Castle Age
20:07 Horse Collar
20:42 Forging
20:49 Stone Mining
21:44 Padded Archer Armor
21:51 Scale Barding Armor
22:06 Bloodlines
21:43 Arson
23:54 Heavy Plow
24:08 Bow Saw
29:27 Hand Cart
29:09 Crossbowman
35:20 Imperial Age
33:59 Kamandaran
35:09 Gold Shaft Mining
35:11 Stone Shaft Mining
35:15 Leather Archer Armor
35:05 Scale Mail Armor
36:10 Thumb Ring
35:49 Sappers
37:52 Chemistry
37:52 Crop Rotation
37:47 Husbandry
37:09 Light Cavalry
37:09 Cavalier
38:58 Two-Man Saw
38:51 Elite War Elephant
40:07 Hoardings
40:13 Caravan
41:56 Ballistics
41:28 Heated Shot
42:10 Ring Archer Armor
41:37 Savar
43:21 Squires
43:39 Pikeman
44:04 Gambesons
48:26 Halberdier
56:14 Citadels
56:51 Hussar
65:22 Fletching
66:07 Iron Casting
65:48 Chain Mail Armor
65:53 Chain Barding Armor
65:32 Murder Holes
65:47 Masonry
65:26 Town Watch
Eli Correa 3950
9:40 Loom
11:25 Feudal Age
13:17 Wheelbarrow
17:28 Castle Age
15:51 Double-Bit Axe
17:02 Horse Collar
18:28 Hand Cart
19:19 Bow Saw
25:49 Heavy Plow
27:38 Gold Mining
27:38 Stone Mining
35:04 Imperial Age
34:18 Fletching
34:28 Padded Archer Armor
34:36 Scale Barding Armor
35:31 Ballistics
35:12 Bodkin Arrow
35:56 Gold Shaft Mining
37:01 Chemistry
36:51 Husbandry
37:01 Bloodlines
37:23 Heavy Camel Rider
38:22 Forging
40:11 Chain Barding Armor
42:22 Plate Barding Armor
42:23 Iron Casting
44:08 Caravan
49:59 Blast Furnace
48:59 Bracer
58:35 Light Cavalry
59:08 Elite Skirmisher
60:18 Conscription
61:06 Hussar
63:53 Padded Archer Armor
63:54 Scale Mail Armor
Afax
0:30 Loom
14:41 Feudal Age
18:17 Double-Bit Axe
24:27 Castle Age
DfrancoJ24
0:34 Loom
15:22 Feudal Age
16:10 Horse Collar
16:21 Double-Bit Axe
19:58 Wheelbarrow
20:57 Man-at-Arms
31:43 Castle Age
33:00 Hand Cart
34:42 Long Swordsman
35:52 Heavy Plow
36:09 Bow Saw
38:39 Elite Skirmisher
40:11 Stone Mining
40:12 Gold Mining
41:39 Fletching
41:50 Padded Archer Armor
43:09 Gold Shaft Mining
42:18 Pikeman
46:40 Imperial Age
44:25 Gambesons
44:42 Squires
46:28 Halberdier
47:22 Forging
47:13 Scale Mail Armor
49:14 Iron Casting
50:22 Capped Ram
51:33 Conscription
50:35 Elite Composite Bowman
54:10 Blast Furnace
53:25 Chain Mail Armor
53:06 Bodkin Arrow
53:27 Leather Archer Armor
54:08 Two-Handed Swordsman
58:01 Champion
BobbyTarantino
0:47 Loom
13:20 Feudal Age
15:08 Double-Bit Axe
16:38 Wheelbarrow
16:49 Town Watch
23:37 Castle Age
24:49 Bow Saw
26:43 Crossbowman
31:59 Hand Cart
31:45 Town Patrol
32:03 Horse Collar
33:53 Scale Mail Armor
34:04 Forging
34:36 Pikeman
35:16 Squires
36:39 Squires
37:01 Heavy Plow
43:17 Imperial Age
44:17 Chemistry
43:37 Ballistics
43:25 Halberdier
43:47 Elite Skirmisher
56:14 Siege Engineers
PrimisBingus
13:40 Feudal Age
17:14 Castle Age
15:33 Horse Collar
15:41 Double-Bit Axe
20:40 Stone Mining
23:04 Stone Shaft Mining
22:23 Gold Mining
22:47 Bow Saw
29:15 Gold Shaft Mining
32:47 Heavy Plow
34:04 Scale Barding Armor
34:03 Padded Archer Armor
33:55 Fletching
35:12 Wheelbarrow
36:53 Hand Cart
39:12 Imperial Age
39:54 Chain Barding Armor
39:50 Leather Archer Armor
39:31 Bodkin Arrow
39:40 Elite Ballista Elephant
40:22 Double Crossbow
52:59 Plate Barding Armor
52:54 Ring Archer Armor
52:25 Bracer
56:35 Husbandry
56:48 Bloodlines
58:23 Crop Rotation
58:59 Masonry
65:19 Caravan
luisangelesmor
11:19 Feudal Age
9:36 Loom
14:47 Double-Bit Axe
19:28 Castle Age
17:42 Horse Collar
18:30 Scale Barding Armor
26:04 Gold Mining
27:45 Bloodlines
30:27 Wheelbarrow
32:11 Heavy Plow
32:29 Husbandry
33:39 Chain Barding Armor
38:13 Imperial Age
38:55 Cavalier
39:37 Stone Mining
40:01 Bow Saw
40:24 Crop Rotation
40:43 Savar
42:06 Plate Barding Armor
43:11 Elite War Elephant
45:30 Hand Cart
49:11 Masonry
49:23 Ballistics
55:40 Gold Shaft Mining
60:47 Caravan
61:18 Coinage
Connection lost

Rejoining the realm…

Still unreachable

The connection could not be restored.

Session expired

The server has moved on; the page needs a fresh start.